 Dungeon Crawl Stone Soup version 0.29.1-15-g9cfb28693d (webtiles) character file.

Game seed: 16314451637827660677

102 BuddhaDhamma the Chopper (level 4, -4/39 HPs)
             Began as a Minotaur Berserker on Mar 22, 2023.
             Was a Believer of Trog.
             Succumbed to a kobold's poison
             ... on level 4 of the Dungeon.
             The game lasted 00:01:59 (1275 turns).

BuddhaDhamma the Chopper (Minotaur Berserker)       Turns: 1275, Time: 00:01:59

Health: -4/39      AC:  5    Str: 24    XL:     4   Next: 49%
Magic:  3/3        EV: 11    Int:  4    God:    Trog [**....]
Gold:   31         SH:  0    Dex:  9    Spells: 3/3 levels left

rFire   . . .      SeeInvis .   c - +0 war axe
rCold   . . .      Faith    .   (no shield)
rNeg    . . .      Spirit   .   i - +0 ring mail
rPois   .          Reflect  .   (helmet restricted)
rElec   .          Harm     .   (no cloak)
rCorr   .          Rampage  .   (no gloves)
Will    .....                   (no boots)
Stlth   ..........              (no amulet)
HPRegen 0.13/turn               (no ring)
MPRegen 0.08/turn               (no ring)

@: lethally poisoned (-4 -> -27), on berserk cooldown, slowed, very slow
A: horns 2, retaliatory headbutt
a: Renounce Religion, Berserk, Trog's Hand


You were on level 4 of the Dungeon.
You worshipped Trog.
Trog was pleased with you.
You visited 1 branch of the dungeon, and saw 3 of its levels.

You collected 31 gold pieces.

Inventory:

Hand Weapons
 c - a +0 war axe (weapon)
Missiles
 g - 4 javelins (quivered)
Armour
 i - a +0 ring mail (worn)
Scrolls
 e - a scroll of vulnerability {unknown}
 f - a scroll of teleportation {unknown}
 h - a scroll of summoning {unknown}
Potions
 b - 2 potions of curing {unknown}
 d - a potion of lignification {unknown}


   Skills:
 - Level 3.6 Fighting
 + Level 6.4 Axes
 - Level 2.4 Armour
 - Level 2.1 Dodging


You had 3 spell levels left.
You didn't know any spells.
Your spell library was empty.

Dungeon Overview and Level Annotations

Branches:
Dungeon (4/15)
 Temple: D:4-7

Altars:


Innate Abilities, Weirdness & Mutations

You have a pair of horns on your head.
You reflexively headbutt those who attack you in melee.


Message History

You feel stronger.
Items here: )) [ †.
You feel a strong urge to attack something.
You are no longer berserk.
You are exhausted.
You feel yourself slow down.
Found 6 boomerangs.
An adder comes into view.
The adder hisses angrily.
You barely miss the adder. The adder closely misses you.
The adder bites you. x2
You are poisoned.
The adder poisons you!
You closely miss the adder.
You feel sick. The adder bites you.
You are more poisoned.
The adder poisons you! The adder misses you.
You slash the adder! Your headbutt misses the adder.
The adder is almost dead.
You feel very sick. The adder bites you but does no damage.
The adder bites you.
You are more poisoned.
The adder poisons you!
You hit the adder.
You kill the adder!
Trog accepts your kill.
You feel very sick.
A kobold comes into view.
It is wielding a +0 club and quivering poisoned darts.
You feel very sick.
The kobold shouts!
The kobold throws a poisoned dart.
The poisoned dart hits you!
You are lethally poisoned!
* * * LOW HITPOINT WARNING * * *
You feel very sick.
* * * LOW HITPOINT WARNING * * *
You feel very sick.
* * * LOW HITPOINT WARNING * * *
You feel sick.
The kobold throws a poisoned dart.
The poisoned dart hits you!
You are more poisoned.
The kobold throws a poisoned dart.
The poisoned dart hits you!
You are more poisoned.
You die...

......###........#
#.......#.....K..#
#.......#........#
#.......#..K.....#
#.......##.#
#.......##.#
...........#
.......)...#
......))..@#
.......)...#
...........#
#####+####.#
#.####.######
#.#.........#
#.#.........#
.######.#.........#
..................#


You could see a kobold.

Vanquished Creatures
  An orc wizard (D:4)
  2 adders
  4 orcs (D:4)
  4 ball pythons
  A bat (D:2)
  6 endoplasms
  2 giant cockroaches (D:1)
  5 goblins
  4 hobgoblins
  7 jackals
  3 kobolds (D:1)
  2 quokkas
  3 rats
44 creatures vanquished.

Notes
Turn   | Place    | Note
-------+----------+-------------------------------------------
     0 | D:1      | BuddhaDhamma the Minotaur Berserker began the quest for the
                  | Orb.
     0 | D:1      | Reached XP level 1. HP: 19/19 MP: 0/0
    84 | D:1      | Reached skill level 4 in Axes
    96 | D:1      | Reached XP level 2. HP: 18/26 MP: 1/1
   528 | D:1      | Reached skill level 5 in Axes
   606 | D:1      | Reached XP level 3. HP: 31/31 MP: 2/2
  1025 | D:2      | Reached ** piety under Trog
  1205 | D:2      | You fall into a shaft and drop 2 floors!
  1261 | D:4      | Reached skill level 6 in Axes
  1261 | D:4      | Reached XP level 4. HP: 39/39 MP: 3/3
  1275 | D:4      | Succumbed to a kobold's poison

Illustrated notes

Levels and vault maps discovered:
D:1:      elethiomel_arrival_shortcut, layout_loops_ring, st_stairs_1
D:2:      kennysheep_six_static_rooms, layout_basic, nicolae_figureground_pulse,
          uniq_crazy_yiuf_cottage, uniq_terence, uniq_robin
D:4:      layout_basic, chequers_temple_overflow_statue_of_worship,
          minmay_shop_damaged, hangedman_decor_diamond_cutter, uniq_duvessa

Skill      XL: |  1  2  3 |
---------------+----------+-----
Axes           | 4 5 6 |  6.4
Fighting       | |  3.6
Armour         | |  2.4
Dodging        | |  2.1

Action                   |  1- 3 |  4- 6 || total
-------------------------+-------+-------++-------
Melee: Hand axe          |    17 |       ||    17
       War axe           |    52 |     4 ||    56
       Headbutt          |     5 |       ||     5
       Punch             |     1 |       ||     1
Invok: Berserk           |     2 |       ||     2
Armor: Animal skin       |     5 |       ||     5
       Leather armour    |    11 |       ||    11
       Ring mail         |     2 |     1 ||     3
Dodge: Dodged            |    38 |     2 ||    40
